[ PARTIDA AOE2 · #504636781 ]
UnrankedPolacos vs Poles
Equipo del jugador · DERR
Equipo rival · VICT
[ ANÁLISIS DE REPETICIÓN · EXTRAÍDO DE LA PARTIDA GRABADA ]
Feudal
12:29
Castillos
20:23
Imperial
30:39
| APM promedio | 42.0 |
| APM pico | 98 |
| eAPM promedio | 24.1 |
| Aldeanos / militares | 163 / 124 |
Foco
⚔️ 36.2% · 🌾 63.8%
Obuch ×105 · Bombard Cannon ×7 · Mangonel ×5 · Battering Ram ×3 · Trebuchet (Packed) ×3 · Unknown (1105) ×2
Feudal
11:40
Castillos
18:10
Imperial
30:41
| APM promedio | 51.9 |
| APM pico | 144 |
| eAPM promedio | 39.8 |
| Aldeanos / militares | 181 / 171 |
Foco
⚔️ 38.5% · 🌾 61.5%
Scout Cavalry ×96 · Archer ×55 · Bombard Cannon ×8 · Trebuchet (Packed) ×7 · Mangonel ×4 · Monk ×1
Mapa de la partida
Recursos iniciales + cada clic de construcción. Líneas = muros · curvas = relieve. ◆ oro · ⬟ piedra · ● bayas · ✦ reliquia · ◌ hueco del cierre
Tu base· Abierta — el rival se encerró
Base de Noszombie· ✓ Cerrada en 18:10 · 38t muro · sin puerta
Terreno inicial suavizado · ◌ = hueco del cierre detectado · pasá el cursor para detalles
Inputs por minuto
— DS_Champi WarrioR - - Noszombie
Build order — DS_Champi WarrioR
Primeras 150 de 449 acciones detectadas
| 0:01 | Crear | Villager (Male) |
| 0:01 | Crear | Villager (Male) |
| 0:01 | Crear | Villager (Male) |
| 0:01 | Crear | Villager (Male) |
| 0:02 | Crear | Villager (Male) |
| 0:02 | Construir | House |
| 0:03 | Construir | House |
| 0:14 | Investigar | Loom |
| 0:32 | Crear | Villager (Male) |
| 0:33 | Crear | Villager (Male) |
| 0:33 | Crear | Villager (Male) |
| 1:57 | Crear | Villager (Male) |
| 1:57 | Crear | Villager (Male) |
| 2:38 | Construir | Palisade Wall |
| 2:42 | Crear | Villager (Male) |
| 2:42 | Crear | Villager (Male) |
| 3:09 | Crear | Villager (Male) |
| 3:09 | Crear | Villager (Male) |
| 3:37 | Crear | Villager (Male) |
| 3:37 | Crear | Villager (Male) |
| 4:15 | Crear | Villager (Male) |
| 4:15 | Crear | Villager (Male) |
| 4:52 | Crear | Villager (Male) |
| 4:52 | Crear | Villager (Male) |
| 5:07 | Crear | Villager (Male) |
| 5:36 | Crear | Villager (Male) |
| 5:41 | Construir | Mill |
| 5:57 | Crear | Villager (Male) |
| 6:19 | Crear | Villager (Male) |
| 6:47 | Crear | Villager (Male) |
| 6:55 | Construir | House |
| 7:01 | Crear | Villager (Male) |
| 7:18 | Crear | Villager (Male) |
| 7:18 | Crear | Villager (Male) |
| 7:39 | Construir | House |
| 7:43 | Construir | Lumber Camp |
| 7:44 | Crear | Villager (Male) |
| 8:22 | Construir | Palisade Gate |
| 8:32 | Crear | Villager (Male) |
| 8:55 | Crear | Villager (Male) |
| 9:10 | Crear | Villager (Male) |
| 9:33 | Construir | House |
| 9:44 | Crear | Villager (Male) |
| 10:19 | Investigar | Feudal Age |
| 10:19 | Investigar | Feudal Age |
| 11:04 | Construir | Palisade Wall |
| 11:20 | Construir | Mining Camp |
| 11:49 | Crear | Villager (Male) |
| 12:29 | Edad | Edad Feudal |
| 12:30 | Construir | Watch Tower |
| 12:35 | Construir | Blacksmith |
| 12:36 | Crear | Villager (Male) |
| 12:49 | Crear | Villager (Male) |
| 12:51 | Construir | House |
| 13:31 | Crear | Villager (Male) |
| 13:37 | Construir | Mill |
| 13:51 | Investigar | Double-Bit Axe |
| 13:51 | Investigar | Double-Bit Axe |
| 13:58 | Crear | Villager (Male) |
| 14:18 | Crear | Villager (Male) |
| 14:18 | Crear | Villager (Male) |
| 14:18 | Crear | Villager (Male) |
| 14:51 | Investigar | Horse Collar |
| 14:54 | Crear | Villager (Male) |
| 14:54 | Crear | Villager (Male) |
| 15:11 | Construir | Farm |
| 15:12 | Crear | Villager (Male) |
| 15:13 | Crear | Villager (Male) |
| 15:14 | Construir | Farm |
| 15:16 | Construir | Farm |
| 15:38 | Crear | Villager (Male) |
| 15:41 | Construir | Farm |
| 15:56 | Construir | Farm |
| 16:02 | Crear | Villager (Male) |
| 16:13 | Construir | Farm |
| 16:16 | Crear | Villager (Male) |
| 16:56 | Crear | Villager (Male) |
| 17:04 | Construir | Market |
| 17:12 | Crear | Villager (Male) |
| 17:43 | Investigar | Castle Age |
| 17:44 | Investigar | Castle Age |
| 17:44 | Investigar | Castle Age |
| 18:21 | Construir | Farm |
| 18:24 | Investigar | Stone Mining |
| 18:24 | Investigar | Stone Mining |
| 18:42 | Construir | Farm |
| 18:48 | Construir | Farm |
| 18:48 | Construir | Farm |
| 19:02 | Construir | House |
| 19:03 | Construir | House |
| 20:04 | Crear | Villager (Male) |
| 20:08 | Construir | House |
| 20:23 | Edad | Edad de los Castillos |
| 20:30 | Construir | Castle |
| 20:35 | Investigar | Bow Saw |
| 20:36 | Investigar | Heavy Plow |
| 20:42 | Construir | House |
| 20:42 | Crear | Villager (Male) |
| 20:49 | Construir | Town Center |
| 20:52 | Crear | Villager (Male) |
| 21:03 | Crear | Villager (Male) |
| 21:19 | Construir | Town Center |
| 21:23 | Crear | Villager (Male) |
| 21:35 | Crear | Villager (Male) |
| 22:03 | Crear | Villager (Male) |
| 22:11 | Crear | Villager (Male) |
| 22:11 | Crear | Villager (Male) |
| 22:11 | Crear | Villager (Male) |
| 22:18 | Construir | Mining Camp |
| 22:32 | Crear | Villager (Male) |
| 22:36 | Construir | Mill |
| 22:38 | Crear | Villager (Male) |
| 22:38 | Crear | Villager (Male) |
| 22:42 | Construir | Farm |
| 22:44 | Construir | Farm |
| 22:52 | Crear | Villager (Male) |
| 23:02 | Investigar | Wheelbarrow |
| 23:03 | Investigar | Wheelbarrow |
| 23:03 | Crear | Villager (Male) |
| 23:03 | Crear | Villager (Male) |
| 23:04 | Crear | Villager (Male) |
| 23:23 | Crear | Villager (Male) |
| 23:23 | Crear | Villager (Male) |
| 23:26 | Construir | Farm |
| 23:28 | Construir | Farm |
| 23:29 | Construir | Farm |
| 23:36 | Crear | Villager (Male) |
| 23:45 | Construir | Monastery |
| 23:46 | Crear | Villager (Male) |
| 23:46 | Crear | Villager (Male) |
| 23:49 | Construir | Farm |
| 23:55 | Construir | Mill |
| 23:56 | Crear | Villager (Male) |
| 24:09 | Construir | Mill |
| 24:10 | Crear | Villager (Male) |
| 24:13 | Construir | Farm |
| 24:14 | Construir | Farm |
| 24:17 | Crear | Villager (Male) |
| 24:27 | Construir | Farm |
| 24:30 | Crear | Villager (Male) |
| 24:32 | Crear | Monk |
| 24:37 | Crear | Villager (Male) |
| 24:43 | Construir | Farm |
| 24:44 | Crear | Villager (Male) |
| 24:47 | Construir | Farm |
| 24:54 | Construir | Farm |
| 24:57 | Crear | Villager (Male) |
| 25:01 | Construir | Farm |
| 25:05 | Construir | Farm |
| 25:06 | Crear | Villager (Male) |
Build order — Noszombie
Primeras 150 de 640 acciones detectadas
| 0:01 | Crear | Villager (Male) |
| 0:01 | Crear | Villager (Male) |
| 0:02 | Construir | House |
| 0:03 | Construir | House |
| 0:16 | Crear | Villager (Male) |
| 0:17 | Crear | Villager (Male) |
| 1:00 | Investigar | Loom |
| 1:42 | Construir | Palisade Wall |
| 1:44 | Construir | Palisade Wall |
| 1:45 | Crear | Villager (Male) |
| 2:02 | Construir | House |
| 2:19 | Construir | Palisade Wall |
| 2:29 | Construir | Palisade Wall |
| 2:40 | Crear | Villager (Male) |
| 3:01 | Crear | Villager (Male) |
| 3:28 | Crear | Villager (Male) |
| 3:28 | Crear | Villager (Male) |
| 3:56 | Construir | Lumber Camp |
| 3:59 | Crear | Villager (Male) |
| 3:59 | Crear | Villager (Male) |
| 4:00 | Crear | Villager (Male) |
| 4:45 | Crear | Villager (Male) |
| 4:45 | Crear | Villager (Male) |
| 5:02 | Crear | Villager (Male) |
| 5:03 | Crear | Villager (Male) |
| 5:09 | Construir | House |
| 5:22 | Crear | Villager (Male) |
| 5:22 | Crear | Villager (Male) |
| 5:50 | Crear | Villager (Male) |
| 5:50 | Crear | Villager (Male) |
| 6:20 | Crear | Villager (Male) |
| 6:38 | Crear | Villager (Male) |
| 6:55 | Crear | Villager (Male) |
| 7:03 | Crear | Villager (Male) |
| 7:04 | Crear | Villager (Male) |
| 7:19 | Crear | Villager (Male) |
| 7:30 | Construir | Palisade Wall |
| 7:34 | Construir | House |
| 7:41 | Crear | Villager (Male) |
| 7:42 | Crear | Villager (Male) |
| 7:51 | Construir | Palisade Wall |
| 7:57 | Crear | Villager (Male) |
| 8:19 | Crear | Villager (Male) |
| 8:32 | Crear | Villager (Male) |
| 8:36 | Crear | Villager (Male) |
| 8:59 | Construir | Mining Camp |
| 9:30 | Investigar | Feudal Age |
| 9:30 | Investigar | Feudal Age |
| 9:30 | Investigar | Feudal Age |
| 9:48 | Construir | House |
| 10:06 | Construir | Mill |
| 11:10 | Crear | Villager (Male) |
| 11:14 | Construir | Palisade Wall |
| 11:18 | Construir | Palisade Wall |
| 11:28 | Crear | Villager (Male) |
| 11:32 | Construir | Outpost |
| 11:35 | Crear | Villager (Male) |
| 11:40 | Edad | Edad Feudal |
| 11:46 | Crear | Villager (Male) |
| 11:52 | Investigar | Double-Bit Axe |
| 11:53 | Investigar | Double-Bit Axe |
| 12:00 | Construir | Stone Wall |
| 12:04 | Construir | Stone Wall |
| 12:07 | Construir | Stone Wall |
| 12:08 | Crear | Villager (Male) |
| 12:15 | Crear | Villager (Male) |
| 12:17 | Construir | Mill |
| 12:26 | Crear | Villager (Male) |
| 12:31 | Crear | Villager (Male) |
| 12:35 | Construir | Stone Wall |
| 12:37 | Construir | Stone Wall |
| 12:40 | Crear | Villager (Male) |
| 12:40 | Crear | Villager (Male) |
| 12:44 | Construir | Stone Wall |
| 12:51 | Construir | Stone Wall |
| 12:53 | Construir | Stone Wall |
| 13:17 | Crear | Villager (Male) |
| 13:28 | Crear | Villager (Male) |
| 13:53 | Construir | Market |
| 14:32 | Construir | Blacksmith |
| 14:55 | Construir | Farm |
| 15:05 | Crear | Villager (Male) |
| 15:07 | Construir | Farm |
| 15:26 | Investigar | Castle Age |
| 15:26 | Investigar | Castle Age |
| 15:27 | Investigar | Castle Age |
| 15:37 | Construir | Lumber Camp |
| 15:48 | Construir | Farm |
| 15:55 | Investigar | Horse Collar |
| 15:55 | Investigar | Horse Collar |
| 16:03 | Construir | Stone Wall |
| 16:13 | Construir | Farm |
| 16:14 | Construir | Farm |
| 16:29 | Construir | Stone Wall |
| 16:48 | Construir | Stone Wall |
| 16:51 | Construir | Farm |
| 17:23 | Construir | Outpost |
| 17:40 | Investigar | Stone Mining |
| 17:40 | Investigar | Stone Mining |
| 18:01 | Crear | Villager (Male) |
| 18:10 | Edad | Edad de los Castillos |
| 18:13 | Crear | Villager (Male) |
| 18:18 | Construir | Town Center |
| 18:19 | Crear | Villager (Male) |
| 18:24 | Construir | Town Center |
| 18:28 | Investigar | Heavy Plow |
| 18:29 | Investigar | Heavy Plow |
| 18:31 | Crear | Villager (Male) |
| 19:05 | Construir | Town Center |
| 19:06 | Crear | Villager (Male) |
| 19:22 | Construir | Farm |
| 19:25 | Investigar | Bow Saw |
| 19:25 | Investigar | Bow Saw |
| 19:25 | Investigar | Bow Saw |
| 19:26 | Crear | Villager (Male) |
| 19:32 | Crear | Villager (Male) |
| 19:35 | Crear | Villager (Male) |
| 19:47 | Construir | Outpost |
| 19:57 | Construir | Farm |
| 19:58 | Crear | Villager (Male) |
| 20:01 | Construir | Farm |
| 20:02 | Crear | Villager (Male) |
| 20:04 | Construir | Farm |
| 20:07 | Crear | Villager (Male) |
| 20:07 | Crear | Villager (Male) |
| 20:13 | Crear | Villager (Male) |
| 20:18 | Construir | Farm |
| 20:19 | Crear | Villager (Male) |
| 20:19 | Crear | Villager (Male) |
| 20:23 | Crear | Villager (Male) |
| 20:23 | Crear | Villager (Male) |
| 20:29 | Construir | Farm |
| 20:37 | Crear | Villager (Male) |
| 20:38 | Crear | Villager (Male) |
| 20:41 | Construir | Farm |
| 20:42 | Construir | Farm |
| 20:46 | Crear | Villager (Male) |
| 20:49 | Crear | Villager (Male) |
| 20:49 | Crear | Villager (Male) |
| 20:57 | Construir | Stone Wall |
| 20:58 | Crear | Villager (Male) |
| 21:04 | Construir | Farm |
| 21:16 | Construir | University |
| 21:18 | Crear | Villager (Male) |
| 21:18 | Crear | Villager (Male) |
| 21:24 | Crear | Villager (Male) |
| 21:29 | Construir | Stone Wall |
| 21:36 | Crear | Villager (Male) |
| 21:36 | Crear | Villager (Male) |
| 21:44 | Construir | Mill |
Cronología de la partida
| 1:42 | Noszombie · wall_segment Palisade Wall x1 |
| 1:44 | Noszombie · wall_segment Palisade Wall x1 |
| 2:19 | Noszombie · wall_segment Palisade Wall x6 |
| 2:29 | Noszombie · wall_segment Palisade Wall x1 |
| 2:38 | DS_Champi WarrioR · wall_segment Palisade Wall x1 |
| 7:30 | Noszombie · wall_segment Palisade Wall x1 |
| 7:51 | Noszombie · wall_segment Palisade Wall x1 |
| 11:04 | DS_Champi WarrioR · wall_segment Palisade Wall x1 |
| 11:14 | Noszombie · wall_segment Palisade Wall x3 |
| 11:18 | Noszombie · wall_segment Palisade Wall x3 |
| 11:40 | Noszombie · age_up feudal |
| 12:00 | Noszombie · wall_segment Stone Wall x1 |
| 12:04 | Noszombie · wall_segment Stone Wall x2 |
| 12:07 | Noszombie · wall_segment Stone Wall x3 |
| 12:29 | DS_Champi WarrioR · age_up feudal |
| 12:35 | Noszombie · wall_segment Stone Wall x1 |
| 12:37 | Noszombie · wall_segment Stone Wall x3 |
| 12:44 | Noszombie · wall_segment Stone Wall x1 |
| 12:51 | Noszombie · wall_segment Stone Wall x1 |
| 12:53 | Noszombie · wall_segment Stone Wall x2 |
| 15:15 | Noszombie · first_market_sell 100 stone |
| 15:22 | Noszombie · first_market_buy 100 food |
| 16:03 | Noszombie · wall_segment Stone Wall x2 |
| 16:29 | Noszombie · wall_segment Stone Wall x3 |
| 16:48 | Noszombie · wall_segment Stone Wall x3 |
| 17:37 | DS_Champi WarrioR · first_market_sell 100 stone |
| 17:38 | DS_Champi WarrioR · first_market_buy 100 food |
| 18:10 | Noszombie · age_up castle |
| 20:23 | DS_Champi WarrioR · age_up castle |
| 20:30 | DS_Champi WarrioR · first_building Castle |
| 20:57 | Noszombie · wall_segment Stone Wall x10 |
| 21:29 | Noszombie · wall_segment Stone Wall x2 |
| 22:12 | Noszombie · wall_segment Stone Wall x1 |
| 22:13 | Noszombie · wall_segment Stone Wall x3 |
| 22:40 | Noszombie · wall_segment Stone Wall x5 |
| 23:45 | DS_Champi WarrioR · first_building Monastery |
| 24:44 | Noszombie · first_building Monastery |
| 25:58 | DS_Champi WarrioR · first_building Siege Workshop |
| 27:33 | Noszombie · first_building Barracks |
| 27:40 | Noszombie · first_building Siege Workshop |
| 28:00 | Noszombie · first_building Castle |
| 28:04 | DS_Champi WarrioR · first_building Barracks |
| 28:36 | Noszombie · first_building Stable |
| 30:39 | DS_Champi WarrioR · age_up imperial |
| 30:41 | Noszombie · age_up imperial |
| 31:35 | Noszombie · first_building Archery Range |
| 35:53 | Noszombie · wall_segment Stone Wall x1 |
| 35:55 | Noszombie · wall_segment Stone Wall x2 |
| 37:55 | DS_Champi WarrioR · wall_segment Stone Wall x4 |
| 39:02 | DS_Champi WarrioR · wall_segment Stone Wall x1 |
| 39:04 | DS_Champi WarrioR · wall_segment Stone Wall x1 |
| 40:00 | Noszombie · wall_segment Stone Wall x1 |
| 40:02 | Noszombie · wall_segment Stone Wall x1 |
| 40:02 | Noszombie · wall_segment Stone Wall x1 |
| 41:59 | DS_Champi WarrioR · resign |
[ ANÁLISIS IA · 1 CRÉDITO ]
¿Qué pasó realmente en esta partida?
Wolo.gg analiza cada decisión: build order, eco, micro, errores típicos por bracket. Análisis personalizado por WhatsApp o Discord en 30 segundos.
Guía civ
Polacos
Perfil
Jugador #4358030